 Dungeon Crawl Stone Soup version 0.29-a0-553-g81b289dbe5 (webtiles) character file.

Game seed: 14104503759718928254

16617 freelancePsychic the Fighter (level 13, -2/118 HPs)
             Began as a Meteoran Wanderer on June 7, 2022.
             Was a Believer of Qazlal.
             Slain by a fire bat (12 damage)
             ... in a Gauntlet.
             The game lasted 00:34:00 (7450 turns).

freelancePsychic the Fighter (Meteoran Wanderer)    Turns: 7450, Time: 00:34:02

Health: -2/118     AC: 15    Str: 16    XL:     13   Next: 7%
Magic:  23/23      EV: 12    Int: 13    God:    Qazlal [**....]
Gold:   619        SH:  2    Dex: 18    Spells: 19/20 levels left

rFire   x . .      SeeInvis .   a - +0 dagger (venom)
rCold   + . .      Faith    .   (no shield)
rNeg    . . .      Spirit   .   d - +2 scale mail
rPois   .          Reflect  .   (no helmet)
rElec   .          Harm     .   (no cloak)
rCorr   .          Rampage  .   w - +1 pair of gloves
Will    +....      NoTele   +   (no boots)
Stlth   ..........              p - amulet of regeneration
HPRegen 1.09/turn               q - +4 ring of protection
MPRegen 0.18/turn               l - ring of ice

@: glowing
A: sense surroundings 2, otherworldly, glowing, explore regen
a: Renounce Religion, Upheaval


You were in a Gauntlet.
You worshipped Qazlal.
Qazlal was pleased with you.
You visited 1 branch of the dungeon, and saw 12 of its levels.
You also visited: Gauntlet.

You collected 619 gold pieces.

Inventory:

Hand Weapons
 a - a +0 dagger of venom (weapon)
 b - a +2 longbow of venom
 e - a +2 dagger of speed
 x - a +0 scimitar
 z - a +3 antimagic short sword
Missiles
 k - 24 poisoned darts (quivered)
Armour
 d - a +2 scale mail (worn)
 w - a +1 pair of gloves (worn)
 y - +0 steam dragon scales
Jewellery
 l - a ring of ice (right hand)
 p - an amulet of regeneration (around neck)
 q - a +4 ring of protection (left hand)
 A - a ring of fire
Wands
 r - a wand of polymorph (6)
 u - a wand of paralysis (1)
 E - a wand of acid (9)
 F - a wand of iceblast (5)
 J - a wand of flame (6)
Scrolls
 c - 8 scrolls of teleportation {@r4}
 j - a scroll of immolation
 m - 2 scrolls of silence
 n - 2 scrolls of amnesia
 G - 2 scrolls of magic mapping
 H - a scroll of identify {@r1}
 I - a scroll of poison
Potions
 f - 2 potions of flight
 g - 2 potions of magic
 h - 2 potions of brilliance
 i - 4 potions of mutation
 o - a potion of curing {@q1}
 s - a potion of attraction
 v - 2 potions of degeneration
 B - a potion of lignification
 C - 2 potions of might


   Skills:
 + Level 12.1 Fighting
 - Level 10.0 Short Blades
 * Level 9.4 Bows
 - Level 1.2 Throwing
 - Level 5.3 Armour
 - Level 4.8 Dodging
 - Level 2.5 Shields
 - Level 4.0 Spellcasting
 - Level 1.2 Poison Magic
 - Level 12.0 Invocations


You had 19 spell levels left.
You knew the following spells:

 Your Spells              Type           Power      Damage    Failure   Level
a - Sting                 Tmut/Pois      16%        1d3       47%         1

Your spell library contained the following spells:

 Spells                   Type           Power      Damage    Failure   Level
 Apportation              Tloc           4%         N/A       56%         1
 Necrotize                Necr           8%         1d4       56%         1
 Summon Small Mammal      Summ           8%         N/A       56%         1
 Spider Form              Tmut/Pois      4%         N/A       85%         3
 Ignite Poison            Fire/Tmut/Pois 3%         N/A       87%         3
 Mephitic Cloud           Conj/Pois/Air  3%         N/A       87%         3
 Conjure Flame            Conj/Fire      2%         6-21      90%         3
 Corpse Rot               Necr/Pois/Air  3%         N/A       99%         4
 Animate Dead             Necr           2%         N/A       100%        4
 Petrify                  Tmut/Erth      2%         N/A       100%        4
 Sticky Flame             Conj/Fire      2%         2d3       100%        4
 Freezing Cloud           Conj/Ice/Air   1%         6-21      100%        5
 Yara's Violent Unravell  Hex/Tmut       1%         3d3       100%        5
 Eringya's Noxious Bog    Tmut/Pois      2%         N/A       100%        6
 Haunt                    Necr/Summ      1%         N/A       100%        7
 Infestation              Necr           1%         N/A       100%        8


Dungeon Overview and Level Annotations

Branches:
Dungeon (12/15)            Temple (0/1) D:7             Orc (0/2) D:9
Gauntlet (1/1)
   Lair: D:8-11

Altars:
Qazlal

Annotations:
Gauntlet 8 transporters, exclusion: orange crystal statue


Innate Abilities, Weirdness & Mutations

You passively map the area around you.
You are easily found by Zot.
You glow in the dark.
You regain HP and MP as you explore.


Message History

The hell hound barely misses you.
You hit the fire bat but do no damage.
The fire bat is almost dead.
You completely miss the fire bat.
The fire bat is almost dead.
You kill the fire bat!
Qazlal accepts your kill. The fire bat completely misses you.
The hell hound stops to sniff the ground.
The hell hound barely misses you. The hell hound bites you.
The fire bat bites you but does no damage. x2
You hit the fire bat.
The fire bat is poisoned.
The fire bat is lightly wounded.
The fire bat bites you.
You are engulfed in flames!
The fire burns you terribly!
The hell hound bites you but does no damage.
You block the hell hound's attack.
You miss the fire bat.
The fire bat is lightly wounded.
The fire bat bites you.
You are engulfed in flames!
The fire burns you terribly!
* * * LOW HITPOINT WARNING * * *
The fire bat bites you but does no damage. x2
The hell hound misses you. The fire bat misses you.
The hell hound closely misses you.
You hit the fire bat but do no damage.
The fire bat looks as sick as possible!
The fire bat is lightly wounded.
The fire bat bites you but does no damage. x2
You hit the fire bat.
The fire bat looks as sick as possible!
The fire bat is lightly wounded.
The fire bat bites you but does no damage.
You block the fire bat's attack. The hell hound closely misses you.
The hell hound breathes flames at you. The blast of flame hits you!!
The fire burns you terribly!
* * * LOW HITPOINT WARNING * * *
The fire bat bites you but does no damage.
You feel better. The fire bat bites you.
* * * LOW HITPOINT WARNING * * *
You are engulfed in flames!
The fire burns you terribly!
You die...

≈≈#.#..............####
###.#############....≈###
...©...........©#.....#8#
#####################.###
.....ZZ##.#t........#.#
#.....#k#.#.##...##.#.###
.#...#..#.#.#.###.#.#.#8#
.^#©#^..#.#..##h##b.#.###
..^#^...#.#....b@bb.#.#
..#.#^..#.#..##h##..#.###
.#...#^.#.#.#.###.#.#.#8#
#.....#k#.#.##...##.#.###
.[.©!ZZ##.#...?©[b..#.#
#########.###########.###
......................#8#
....................§≈###
#######################


You could see 2 hell hounds and 4 fire bats.

Vanquished Creatures
  5 two-headed ogres
  A fire crab (Gauntlet)
  An ugly thing (D:12)
  A manticore (D:11)
  4 cyclopes
  Maggie (D:8)
  An unseen horror (D:11)
  Psyche (D:8)
  An ice devil (Gauntlet)
  2 trolls
  Grinder (D:5)
  A wraith (D:11)
  22 yaks
  3 wyverns
  Grum (D:8)
  3 steam dragons
  3 fire bats (Gauntlet)
  Menkaure (D:6)
  An acid dragon (D:7)
  A water moccasin (D:8)
  Duvessa (D:5)
  4 orc warriors
  3 ice beasts
  3 black bears
  4 wolves
  2 ogres
  6 centaurs
  A necrophage (D:7)
  2 kobold brigands
  2 scorpions
  2 bullfrogs
  A gnoll sergeant (D:11)
  4 wights (D:8)
  Dowan (D:5)
  17 killer bees (D:8)
  3 jellies
  A howler monkey (D:6)
  4 orc priests
  A gnoll shaman (D:9)
  A hound (D:6)
  3 iguanas
  5 orc wizards
  4 gnolls (D:11)
  3 adders
  A shadow imp (D:7)
  4 white imps
  2 ufetubi (D:4)
  A worm (D:5)
  2 dart slugs (D:4)
  50 orcs
  A bat (D:1)
  5 endoplasms
  2 giant cockroaches (D:4)
  3 goblins
  4 hobgoblins
  5 quokkas
  5 ball pythons
  A frilled lizard (D:1)
  13 kobolds
  2 rats (D:1)
234 creatures vanquished.

Vanquished Creatures (others)
  An orc (D:10)
  19 demonic plants (Gauntlet)
  3 fungi (D:10)
  A plant (Gauntlet)
24 creatures vanquished.

Grand Total: 258 creatures vanquished

Notes
Turn   | Place    | Note
-------+----------+-------------------------------------------
     0 | D:1      | freelancePsychic the Meteoran Wanderer began the quest for
                  | the Orb.
     0 | D:1      | freelancePsychic set off with the following items: a +0
                  | club, a +0 buckler, a scroll of teleportation {@r4}, a +2
                  | scale mail; and the following spell memorised: Sting; and
                  | the following spells available to memorise: Spider Form
     0 | D:1      | Reached XP level 1. HP: 16/16 MP: 6/6
   106 | D:1      | Reached XP level 2. HP: 23/23 MP: 8/8
   109 | D:1      | Reached skill level 1 in Short Blades
   516 | D:2      | Identified a scroll of acquirement
   516 | D:2      | Acquired a +2 antimagic short sword
   547 | D:2      | Reached XP level 3. HP: 27/28 MP: 3/9
   716 | D:3      | Reached XP level 4. HP: 35/36 MP: 3/11
   744 | D:3      | Found a stormy altar of Qazlal.
   771 | D:3      | Became a worshipper of Qazlal Stormbringer
  1050 | D:4      | Noticed an ogre
  1287 | D:4      | Reached XP level 5. HP: 42/42 MP: 4/12
  1294 | D:4      | Reached skill level 1 in Invocations
  1436 | D:4      | Killed an ogre
  1437 | D:4      | Reached XP level 6. HP: 37/51 MP: 4/13
  1691 | D:4      | You fall into a shaft and drop 2 floors!
  1701 | D:6      | Reached * piety under Qazlal
  1730 | D:6      | Reached XP level 7. HP: 15/57 MP: 4/14
  1766 | D:6      | Reached skill level 5 in Short Blades
  1786 | D:5      | Entered Level 5 of the Dungeon
  1833 | D:5      | Noticed Duvessa
  1833 | D:5      | Noticed Dowan
  1850 | D:5      | Killed Duvessa
  1859 | D:5      | Killed Dowan
  1892 | D:5      | Reached XP level 8. HP: 61/66 MP: 15/15
  2184 | D:5      | Noticed Grinder
  2204 | D:5      | Killed Grinder
  2205 | D:5      | Reached skill level 5 in Invocations
  2257 | D:5      | Reached skill level 5 in Fighting
  2339 | D:6      | Gained mutation: You passively map the area around you.
                  | [Meteoran growth]
  2339 | D:6      | Reached XP level 9. HP: 65/74 MP: 16/16
  2351 | D:6      | Reached ** piety under Qazlal
  2677 | D:6      | Noticed Menkaure
  2695 | D:6      | Killed Menkaure
  3082 | D:7      | Identified the +4 trident "Togyr Jekh" {spect, Drain rElec
                  | Will+ Str+3}
  3162 | D:7      | Found a staircase to the Ecumenical Temple.
  3251 | D:8      | Reached XP level 10. HP: 80/84 MP: 13/17
  3369 | D:8      | Noticed Maggie
  3371 | D:8      | Noticed a two-headed ogre
  3376 | D:8      | Killed a two-headed ogre
  3377 | D:8      | Reached skill level 10 in Short Blades
  3395 | D:8      | Killed Maggie
  3602 | D:8      | Reached skill level 10 in Invocations
  3693 | D:8      | Reached XP level 11. HP: 81/87 MP: 15/19
  4140 | D:9      | Noticed a two-headed ogre
  4140 | D:9      | Noticed a two-headed ogre
  4168 | D:9      | Killed a two-headed ogre
  4377 | D:9      | Reached skill level 10 in Fighting
  4429 | D:9      | Reached skill level 5 in Armour
  4474 | D:9      | Killed a two-headed ogre
  4509 | D:10     | Entered Level 10 of the Dungeon
  4637 | D:10     | Reached skill level 1 in Bows
  4762 | D:10     | Noticed a two-headed ogre
  4782 | D:10     | Killed a two-headed ogre
  4906 | D:10     | Reached XP level 12. HP: 101/107 MP: 22/22
  5110 | D:11     | Got Xelugobb's Tome of Mutagenic Poisoning
  5293 | D:8      | Noticed Grum
  5315 | D:9      | Reached skill level 5 in Bows
  5357 | D:9      | Found a staircase to the Orcish Mines.
  5423 | D:9      | Noticed a two-headed ogre
  5443 | D:9      | Killed a two-headed ogre
  6262 | D:8      | Noticed Psyche
  6266 | D:8      | Killed Psyche
  6312 | D:8      | Killed Grum
  6917 | D:9      | Glimpsed the power of Zot.
  6967 | D:11     | Glimpsed the power of Zot.
  7107 | D:12     | Found a gate leading to a gauntlet.
  7124 | Gauntlet | Entered a Gauntlet
  7124 | Gauntlet | Found a transporter.
  7128 | Gauntlet | Noticed a fire crab
  7133 | Gauntlet | Found a transporter.
  7149 | Gauntlet | Found a transporter.
  7151 | Gauntlet | Noticed a fire crab
  7154 | Gauntlet | Found a transporter.
  7154 | Gauntlet | Noticed a death drake
  7169 | Gauntlet | Found a transporter.
  7188 | Gauntlet | Found a transporter.
  7200 | Gauntlet | Found a transporter.
  7200 | Gauntlet | Noticed an orange crystal statue
  7212 | Gauntlet | Found a transporter.
  7224 | Gauntlet | Found a transporter.
  7228 | Gauntlet | Noticed a fire crab
  7336 | Gauntlet | Found a transporter.
  7337 | Gauntlet | Found a transporter.
  7337 | Gauntlet | Found a transporter.
  7358 | Gauntlet | Found a transporter.
  7377 | Gauntlet | Killed a fire crab
  7378 | Gauntlet | Reached XP level 13. HP: 20/118 MP: 23/23
  7449 | Gauntlet | HP: 3/118 [hell hound/blast of flame (30)]
  7450 | Gauntlet | Slain by a fire bat

Illustrated notes

Levels and vault maps discovered:
D:1:      dpeg_arrival_pits, layout_basic, hellmonk_ecumenical_altar_dog_temple,
          chequers_garden
D:2:      layout_loops_cross, kennysheep_generic_room_14
D:3:      layout_loops_cross, nicolae_overflow_crystal_walls,
          serial_co_window_serial, co_window_paths_a, co_window_paths_b,
          co_window_paths_a, co_window_of_opportunity_a, co_window_paths_b,
          co_window_corner_ca, co_window_broadway_a, co_window_of_opportunity_c,
          co_window_broadway_b, co_window_corner_cb, co_window_broadway_a,
          co_window_paths_e, glass_columns_b, glass_columns_a, st_stairs_13
D:4:      layout_loops_cross
D:5:      layout_gridville, uniq_duvessa, uniq_grinder
D:6:      layout_loops_ring, uniq_menkaure
D:7:      nicolae_BIG_FREAKIN_CUBE, layout_rooms,
          minmay_temple_entry_drinking_statues
D:8:      layout_loops_ring, uniq_grum, uniq_maggie, uniq_psyche
D:9:      layout_layer_cave, hiddenorc1_lemuel, minmay_diced_spiral
D:10:     layout_cave_pools, fungi_pond_lemuel, hellmonk_bongcloud_opening,
          minmay_sticks_and_stones
D:11:     layout_layer_cave, david_lair_shrubbed, serial_shops, shop,
          kennysheep_windowed_goal
D:12:     layout_rooms, gauntlet_entry_generic
Gauntlet: gammafunk_gauntlet_one_two_three [gammafunk_gauntlet_arena_hedges,
          gammafunk_gauntlet_arena_spirals, nicolae_gauntlet_arena_flowing_pool,
          gammafunk_gauntlet_arena_split_x, gammafunk_gauntlet_arena_mazey,
          nicolae_gauntlet_arena_blocks, gammafunk_gauntlet_arena_split_diamond,
          nicolae_gauntlet_arena_x, gammafunk_gauntlet_arena_corners,
          gauntlet_exit_hidden_loot]

Skill      XL: |  1  2  3  4  5  6  7  8  9 10 11 12 |
---------------+-------------------------------------+-----
Short Blades   | 1 2 4 5 7 9 10 | 10.0
Shields        | 2 |  2.5
Fighting       | 2 3 4 5 6 9 10 12 | 12.1
Invocations    | 2 4 5 7 10 12 | 12.0
Armour         | 5 |  5.3
Dodging        | 4 |  4.8
Bows           | 3 9 |  9.4
Throwing       | |  1.2
Spellcasting   | |  4.0
Poison Magic   | |  1.2

Action                   |  1- 3 |  4- 6 |  7- 9 | 10-12 | 13-15 || total
-------------------------+-------+-------+-------+-------+-------++-------
Melee: Dagger            |    46 |       |   363 |   795 |    17 ||  1221
       Short sword       |    33 |   137 |       |       |       ||   170
       Punch             |       |       |       |     9 |       ||     9
 Fire: Longbow           |       |       |       |   142 |       ||   142
Throw: Dart              |       |     6 |     4 |     3 |       ||    13
Invok: Upheaval          |       |       |     2 |    16 |     1 ||    19
Evoke: Wand              |       |       |     3 |     3 |       ||     6
  Use: Scroll            |     6 |     4 |     5 |    11 |     1 ||    27
       Potion            |       |     4 |     1 |     9 |     2 ||    16
 Stab: Paralysed         |       |       |     1 |       |       ||     1
Armor: Scale mail        |    41 |    68 |   129 |   341 |    25 ||   604
       Skin              |       |       |       |    22 |       ||    22
Dodge: Dodged            |    21 |    36 |    88 |   267 |    17 ||   429
Block: Buckler           |    16 |    21 |    84 |   112 |       ||   233
       Other             |       |       |       |    39 |     4 ||    43

Table legend: (Time is in decaauts)
 A = Elapsed time spent in this place.
 B = Non-inter-level travel time spent in this place.
 C = Inter-level travel time spent in this place.
 D = Time resting spent in this place.
 E = Time spent auto-exploring this place.
 F = Levels seen in this place.
 G = Mean time per level.
                   A        B        C        D        E       F      G
               +--------+--------+--------+--------+--------+-----+--------+
         Total |   7043 |   6195 |    848 |      0 |   2134 |  13 |  541.8 |
       Dungeon |   6722 |   5874 |    848 |      0 |   2093 |  12 |  560.2 |
      Gauntlet |    321 |    321 |      0 |      0 |     41 |   1 |  321.0 |
               +--------+--------+--------+--------+--------+-----+--------+

Top non-repeatable levels by time:
     D:9: 1317 daAuts
     D:8: 942 daAuts
    D:11: 653 daAuts
     D:6: 630 daAuts
     D:3: 606 daAuts
    D:10: 565 daAuts
     D:4: 458 daAuts
     D:5: 443 daAuts
     D:2: 347 daAuts
Gauntlet: 321 daAuts
     D:7: 300 daAuts
     D:1: 298 daAuts
    D:12: 159 daAuts
